 Dungeon Crawl Stone Soup version 0.28.0-45-g0d030f2227 (webtiles) character file.

Game seed: 10320790892912263853

145 zeratav the Insei (level 5, 0/35 HPs)
             Began as an Octopode Transmuter on Apr 6, 2022.
             Slain by a centaur (3 damage)
             ... on level 7 of the Dungeon.
             The game lasted 00:10:41 (5043 turns).

zeratav the Insei (Octopode Transmuter)             Turns: 5043, Time: 00:10:42

Health: 0/35       AC:  1    Str: 12    XL:     5   Next: 27%
Magic:  8/8        EV: 13    Int: 15    God:
Gold:   123        SH:  3    Dex: 12    Spells: 4/8 levels left

rFire   . . .      SeeInvis .   i - +2 dagger (venom)
rCold   . . .      Faith    .   a - +0 buckler
rNeg    . . .      Spirit   .   (helmet restricted)
rPois   .          Reflect  .   (no amulet)
rElec   .          Harm     .   (no ring)
rCorr   .          Rampage  .   (no ring)
Will    .....                   (no ring)
Stlth   ++........              (no ring)
HPRegen 0.11/turn               (no ring)
MPRegen 0.11/turn               (no ring)
                                (no ring)
                                (no ring)

@: no status effects
A: almost no armour, amphibious, 8 rings, camouflage 1, gelatinous body 1,
(nimble swimmer 1), tentacles
a: no special abilities


You were on level 7 of the Dungeon.
You visited 1 branch of the dungeon, and saw 5 of its levels.

You collected 123 gold pieces.

Inventory:

Hand Weapons
 i - a +2 dagger of venom (weapon)
Armour
 a - a +0 buckler (worn)
Wands
 g - a wand of mindburst (2)
 l - a wand of polymorph (12)
Scrolls
 e - a scroll of enchant weapon {unknown}
 h - 3 scrolls of identify {unknown}
 j - a scroll of noise {unknown}
 k - a scroll of magic mapping {unknown}
Potions
 b - a potion of mutation {unknown}
 c - 4 potions of lignification {unknown}
 d - a potion of haste {unknown}
 f - a potion of resistance {unknown}


   Skills:
 * Level 2.5 Fighting
 * Level 3.2 Dodging
 * Level 3.9 Unarmed Combat
 - Level 2.1 Spellcasting
 + Level 2.4 Transmutations
 + Level 0.8 Ice Magic


You had 4 spell levels left.
You knew the following spells:

 Your Spells              Type           Power      Damage    Failure   Level
a - Beastly Appendage     Tmut           16%        N/A       11%         1
b - Spider Form           Tmut/Pois      5%         N/A       47%         3

Your spell library contained the following spells:

 Spells                   Type           Power      Damage    Failure   Level
 Wereblood                Tmut           8%         N/A       17%         2
 Apportation              Tloc           2%         N/A       30%         1
 Ice Form                 Ice/Tmut       6%         N/A       83%         4
 Alistair's Intoxication  Tmut/Pois      3%         N/A       99%         5


Dungeon Overview and Level Annotations

Branches:
Dungeon (4/15)
 Temple: D:4-7

Altars:
Gozag
Yredelemnul

Shops:
D:7 !


Innate Abilities, Weirdness & Mutations

You cannot wear most types of armour.
You are amphibious.
You can wear up to eight rings at the same time.
Your skin changes colour to match your surroundings (Stealth+).
Your rubbery body absorbs attacks. (AC +1, EV +1)
((You are camouflaged when in or above water. (Stealth+)))
You have tentacles for arms and can constrict up to eight enemies at once.


Message History

There is an entrance to Muifow's Distillery here.
Found a stone staircase leading down.
There is a stone staircase leading down here.
There is a stone staircase leading down here.
You open the door.
There is an open door here.
You open the door.
A centaur comes into view.
The centaur shouts!
The centaur wields a +0 shortbow.
The centaur shoots an arrow.
The arrow closely misses you.
Found a spear.
The centaur shoots an arrow.
You block the arrow.
The centaur shoots an arrow.
The arrow hits you!
The centaur unwields a +0 shortbow.
The centaur hits you but does no damage.
The centaur kicks you but does no damage.
You hit the centaur.
The centaur is poisoned.
The centaur is lightly wounded.
The centaur hits you. The centaur misses you.
You barely miss the centaur.
The centaur is lightly wounded.
The centaur misses you. The centaur kicks you. The centaur closely misses you.
The centaur misses you.
You hit the centaur.
The centaur looks as sick as possible!
The centaur is moderately wounded.
The centaur hits you. The centaur kicks you. The centaur hits you.
You block the centaur's attack.
You hit the centaur.
The centaur is severely wounded.
The centaur hits you. The centaur kicks you.
* * * LOW HITPOINT WARNING * * *
You hit the centaur.
The centaur looks as sick as possible!
The centaur is almost dead.
The centaur hits you.
* * * LOW HITPOINT WARNING * * *
The centaur kicks you.
* * * LOW HITPOINT WARNING * * *
The centaur hits you.
You die...

.####.####.# . #.# #.#
.. #.####'#######.# .#.
#.##...........# ....
..##......##### .....
..............##......
.............#..c......
#####......#c####...)..
#......#.@..+ .....
#......###### ....
#......# ##. ........#
......### .....


You could see a centaur (extremely poisoned).

Vanquished Creatures
  Robin (D:2)
  4 gnolls (D:3)
  2 adders (D:3)
  2 worms
  A dart slug (D:1)
  3 orcs (D:3)
  5 ball pythons
  5 endoplasms
  4 giant cockroaches
  13 goblins
  9 hobgoblins
  A jackal (D:3)
  2 quokkas
  3 bats
  2 frilled lizards (D:2)
  4 kobolds
  3 rats
64 creatures vanquished.

Notes
Turn   | Place    | Note
-------+----------+-------------------------------------------
     0 | D:1      | zeratav the Octopode Transmuter began the quest for the
                  | Orb.
     0 | D:1      | Reached XP level 1. HP: 13/13 MP: 3/3
   481 | D:1      | Reached XP level 2. HP: 15/18 MP: 5/5
  1131 | D:2      | Reached XP level 3. HP: 14/23 MP: 6/6
  1821 | D:2      | Found an opulent altar of Gozag.
  1864 | D:2      | Found a faded altar of an unknown god.
  2391 | D:2      | Noticed Robin
  2396 | D:2      | Killed Robin
  2397 | D:2      | Reached XP level 4. HP: 21/29 MP: 7/7
  3281 | D:3      | Found a basalt altar of Yredelemnul.
  3365 | D:3      | HP: 1/29 [gnoll/+0 flail (6)]
  3948 | D:3      | Reached XP level 5. HP: 31/35 MP: 6/8
  4078 | D:3      | Learned a level 3 spell: Spider Form
  4708 | D:4      | You fall into a shaft and drop 3 floors!
  4717 | D:7      | Found Muifow's Distillery.
  5031 | D:7      | Noticed a centaur
  5043 | D:7      | Slain by a centaur

Illustrated notes

Levels and vault maps discovered:
D:1:      amcnicky_arrival_wind_blow, layout_basic
D:2:      layout_loops_corners, basic_altar,
          hellmonk_ecumenical_altar_slurped_away, uniq_robin
D:3:      layout_basic, mainiacjoe_overflow_24_doors, st_stairs_9
D:4:      minmay_goblin_kobold_castle, layout_loops_ring,
          mainiacjoe_overflow_brackets, nicolae_specific_store
D:7:      lemuel_bear_cage, layout_basic, serial_shops, nicolae_shop_crystal,
          feat_on_display

Skill      XL: |  1  2  3  4 |
---------------+-------------+-----
Fighting       | 2 |  2.5
Dodging        | 3 |  3.2
Unarmed Combat | |  3.9
Spellcasting   | |  2.1
Transmutations | |  2.4
Ice Magic      | |  0.8

Action                   |  1- 3 |  4- 6 || total
-------------------------+-------+-------++-------
Melee: Club              |    74 |     5 ||    79
       Constrict         |    22 |    16 ||    38
       Tentacles         |    18 |    11 ||    29
       Dagger            |     2 |    55 ||    57
       Punch             |     1 |     3 ||     4
       Kick              |       |     3 ||     3
 Cast: Beastly Appendage |       |     8 ||     8
 Stab: Sleeping          |     9 |     5 ||    14
Armor: Skin              |     2 |     6 ||     8
Dodge: Dodged            |    33 |    24 ||    57
Block: Buckler           |     5 |     7 ||    12
